 Dungeon Crawl Stone Soup version 0.30.0-5-g1a98f26d00 (webtiles) character file.

Game seed: 3953608793679939582

209 CaptainMV the Cudgeller (level 5, -10/47 HPs)
             Began as a Gnoll Wanderer on May 12, 2023.
             Mangled by a hornet (13 damage)
             ... while paralysed by a hornet
             ... on level 4 of the Dungeon.
             The game lasted 00:15:16 (2005 turns).

CaptainMV the Cudgeller (Gnoll Wanderer)            Turns: 2005, Time: 00:15:17

Health: -10/47     AC: 13    Str: 20    XL:     5   Next: 87%
Magic:  7/7        EV:  2    Int: 10    God:
Gold:   122        SH:  0    Dex: 15    Spells: 6/7 levels left

rFire   . . .        a - +3 mace
rCold   . . .        (no shield)
rNeg    . . .        u - +1 plate armour
rPois   .            (no helmet)
rElec   .            (no cloak)
rCorr   .            (no gloves)
SInv    .            (no boots)
Will    .....        t - amulet "Secwewn" {Acrobat Str+9} Stlth
                     (no ring)
HPRegen 0.27/turn    (no ring)
MPRegen 0.10/turn

%: acrobat
@: paralysed, lethally poisoned (-10 -> -32), slowed
A: fangs 1, strong nose, distributed training, iridescent scales 1
a: no special abilities


You were on level 4 of the Dungeon.
You visited 1 branch of the dungeon, and saw 4 of its levels.

You collected 122 gold pieces.

Inventory:

Hand Weapons
 a - a +3 mace (weapon)
 b - a +0 short sword
 l - a +0 morningstar
Missiles
 g - 7 poisoned darts (quivered)
 j - 2 datura-tipped darts
Armour
 d - a +0 robe
 f - a +0 ring mail
 i - a +1 chain mail
 u - a +1 plate armour (worn)
Jewellery
 q - a ring of magical power
 r - a ring of willpower
 t - the amulet "Secwewn" (around neck) {Acrobat Str+9}
   (You found it on level 3 of the Dungeon)

   [amulet of the acrobat]

   It increases your evasion while moving and waiting.
   Str:       It affects your strength (+9).
Scrolls
 h - a scroll of enchant armour
 k - a scroll of poison
 s - a scroll of teleportation
 v - a scroll of enchant weapon {unknown}
Potions
 c - 2 potions of curing
 e - a potion of invisibility {unknown}
 m - 2 potions of flight
 n - a potion of experience {unknown}
 o - a potion of attraction {unknown}


   Skills:
 + Level 6.7 Fighting
 + Level 6.7 Short Blades
 + Level 1.7 Long Blades
 + Level 1.7 Axes
 + Level 6.7 Maces & Flails
 + Level 1.7 Polearms
 + Level 1.7 Staves
 + Level 1.7 Ranged Weapons
 + Level 1.7 Throwing
 + Level 1.7 Armour
 + Level 1.7 Dodging
 + Level 2.9 Stealth
 + Level 1.7 Shields
 + Level 1.7 Unarmed Combat
 + Level 1.7 Spellcasting
 + Level 1.3 Conjurations
 + Level 1.3 Hexes
 + Level 1.3 Summonings
 + Level 1.3 Necromancy
 + Level 1.3 Translocations
 + Level 1.3 Transmutations
 + Level 1.3 Fire Magic
 + Level 1.3 Ice Magic
 + Level 1.3 Air Magic
 + Level 1.3 Earth Magic
 + Level 1.3 Poison Magic
 + Level 2.0 Invocations
 + Level 1.7 Evocations


You had 6 spell levels left.
You knew the following spells:

 Your Spells              Type           Power      Damage    Failure   Level
a - Sandblast             Erth           6%         2d5       99%         1

Your spell library contained the following spells:

 Spells                   Type           Power      Damage    Failure   Level
 Apportation              Tloc           6%         N/A       99%         1
 Blink                    Tloc           6%         N/A       100%        2
 Lesser Beckoning         Tloc           6%         N/A       100%        2
 Momentum Strike          Conj/Tloc      6%         3d8       100%        2
 Passwall                 Tmut/Erth      2%         N/A       100%        2
 Stone Arrow              Conj/Erth      6%         3d7       100%        3
 Alistair's Intoxication  Tmut/Pois      2%         N/A       100%        5


Dungeon Overview and Level Annotations

Branches:
Dungeon (4/15)
 Temple: D:4-7

Altars:
Qazlal

Annotations:
D:4 2 runed translucent doors


Innate Abilities, Weirdness & Mutations

You have very sharp teeth.
Your uncanny sense of smell can sniff out nearby items.
Your experience applies equally to all skills.
You are partially covered in iridescent scales. (AC +2)


Message History

a +0 hand axe; 3 boomerangs The kobold closely misses you.
You sock the kobold!
You kill the kobold!
You hit the quokka.
The quokka is almost dead.
The quokka bites you but does no damage.
You barely miss the quokka.
The quokka is almost dead.
The quokka bites you but does no damage. x2
You hit the quokka but do no damage. Your bite misses the quokka.
The quokka is almost dead.
The quokka barely misses you.
You sock the quokka!
You kill the quokka!
Things that are here:
a +0 dagger; a quokka corpse A hornet comes into view.
Found a runed morningstar.
The hornet barely misses you.
You barely miss the hornet. The hornet stings you.
You are poisoned.
You feel yourself slow down. The hornet stings you.
You feel as though you will be slow longer.
You sock the hornet!
The hornet is moderately wounded.
You feel very sick. The hornet stings you.
You are more poisoned.
You suddenly lose the ability to move!
The hornet stings you.
You feel as though you will be slow longer.
The hornet stings you!
You are more poisoned.
You feel as though you will be slow longer.
* * * LOW HITPOINT WARNING * * *
You feel extremely sick.
The hornet stings you but does no damage.
* * * LOW HITPOINT WARNING * * *
You feel very sick. The hornet stings you!
You die...

## #....#.##### #.# . #.
....... ..# #.#
..####.####.##.# #.# #.#
......#.........# #.# #.#
............#...###.# #.#
.......†....##..##..#####.##
......................))...##
............######..######..#
###........##...@####
##.##### #..........#.###y.#
∆ #...... #..........#)#∆##.#
#.##### #......†...#.##.#.#
#.. #.....###..#)#.##)# ∆
#.## #.....# #..##...### ∆
#.# ......# #...###'# ..#
......# #.......# ... ......#
#......## ∆∆ ...


You could see a hornet.

Vanquished Creatures
  An orc priest (D:4)
  An orc wizard (D:4)
  Robin (D:3)
  5 adders
  4 dart slugs
  8 orcs
  2 bats
  8 endoplasms (D:2)
  5 giant cockroaches
  13 goblins
  7 hobgoblins
  3 jackals (D:2)
  4 kobolds
  3 quokkas
  6 ball pythons
  A frilled lizard (D:1)
  3 rats
75 creatures vanquished.

Notes
Turn   | Place    | Note
-------+----------+-------------------------------------------
     0 | D:1      | CaptainMV the Gnoll Wanderer began the quest for the Orb.
     0 | D:1      | CaptainMV set off with the following items: a +3 mace, a +0
                  | short sword, a potion of curing, a +0 robe.
     0 | D:1      | Reached XP level 1. HP: 23/23 MP: 1/1
   167 | D:1      | Gained mutation: You are agile. (Dex +4, Str/Int -1)
                  | [potion of mutation]
   167 | D:1      | Gained mutation: You have a pair of small antennae on your
                  | head. [potion of mutation]
   235 | D:1      | Reached XP level 2. HP: 29/29 MP: 2/2
   803 | D:2      | Learned a level 1 spell: Sandblast
   887 | D:2      | Found a stormy altar of Qazlal.
   924 | D:2      | Reached XP level 3. HP: 34/35 MP: 3/3
   934 | D:2      | Reached skill level 1 in Invocations
   993 | D:2      | Reached skill level 1 in Long Blades
   993 | D:2      | Reached skill level 1 in Axes
   993 | D:2      | Reached skill level 1 in Polearms
   993 | D:2      | Reached skill level 1 in Staves
   993 | D:2      | Reached skill level 1 in Ranged Weapons
   993 | D:2      | Reached skill level 1 in Throwing
   993 | D:2      | Reached skill level 1 in Armour
   993 | D:2      | Reached skill level 1 in Dodging
   993 | D:2      | Reached skill level 1 in Shields
   993 | D:2      | Reached skill level 1 in Unarmed Combat
   993 | D:2      | Reached skill level 1 in Spellcasting
   993 | D:2      | Reached skill level 1 in Evocations
  1109 | D:2      | Reached XP level 4. HP: 40/41 MP: 5/5
  1467 | D:3      | Reached skill level 1 in Conjurations
  1467 | D:3      | Reached skill level 1 in Hexes
  1467 | D:3      | Reached skill level 1 in Summonings
  1467 | D:3      | Reached skill level 1 in Necromancy
  1467 | D:3      | Reached skill level 1 in Translocations
  1467 | D:3      | Reached skill level 1 in Transmutations
  1467 | D:3      | Reached skill level 1 in Fire Magic
  1467 | D:3      | Reached skill level 1 in Ice Magic
  1467 | D:3      | Reached skill level 1 in Air Magic
  1467 | D:3      | Reached skill level 1 in Earth Magic
  1467 | D:3      | Reached skill level 1 in Poison Magic
  1622 | D:3      | Identified the amulet "Secwewn" {Acrobat Str+9}
  1643 | D:3      | Lost mutation: You have a pair of small antennae on your
                  | head. [potion of mutation]
  1643 | D:3      | Lost mutation: You are agile. (Dex +4, Str/Int -1) [potion
                  | of mutation]
  1643 | D:3      | Gained mutation: You are partially covered in iridescent
                  | scales. (AC +2) [potion of mutation]
  1690 | D:3      | Noticed Robin
  1716 | D:3      | Killed Robin
  1717 | D:3      | Reached XP level 5. HP: 47/47 MP: 7/7
  1929 | D:4      | Found a large runed translucent door.
  1970 | D:4      | Found a large runed translucent door.
  1977 | D:4      | Noticed a water moccasin
  2000 | D:4      | Noticed a hornet
  2003 | D:4      | Paralysed by a hornet for 3 turns
  2005 | D:4      | Mangled by a hornet

Illustrated notes

Levels and vault maps discovered:
D:1:      psy_arrival_dodecagon, layout_loops_corners
D:2:      layout_basic, basic_altar
D:3:      layout_rooms, uniq_robin
D:4:      layout_basic, minmay_hollow_rounded_squares, uniq_menkaure,
          uniq_eustachio

Skill      XL: |  1  2  3  4  5 |
---------------+----------------+-----
Invocations    | 1 2 |  2.0
Long Blades    | 1 |  1.7
Axes           | 1 |  1.7
Polearms       | 1 |  1.7
Staves         | 1 |  1.7
Ranged Weapons | 1 |  1.7
Throwing       | 1 |  1.7
Armour         | 1 |  1.7
Dodging        | 1 |  1.7
Shields        | 1 |  1.7
Unarmed Combat | 1 |  1.7
Spellcasting   | 1 |  1.7
Evocations     | 1 |  1.7
Conjurations   | 1 |  1.3
Hexes          | 1 |  1.3
Summonings     | 1 |  1.3
Necromancy     | 1 |  1.3
Translocations | 1 |  1.3
Transmutations | 1 |  1.3
Fire Magic     | 1 |  1.3
Ice Magic      | 1 |  1.3
Air Magic      | 1 |  1.3
Earth Magic    | 1 |  1.3
Poison Magic   | 1 |  1.3
Fighting       | |  6.7
Short Blades   | |  6.7
Maces & Flails | |  6.7
Stealth        | |  2.9

Action                     |  1- 3 |  4- 6 || total
---------------------------+-------+-------++-------
  Melee: Mace              |    79 |   111 ||   190
         Bite              |    10 |    13 ||    23
         Punch             |       |     1 ||     1
    Use: Potion            |     4 |     3 ||     7
         Scroll            |     7 |     2 ||     9
 Armour: Chain mail        |    70 |    97 ||   167
         Plate armour      |       |     4 ||     4
  Dodge: Dodged            |    18 |    55 ||    73
